 Dungeon Crawl Stone Soup version 0.18.1-48-g4cf74bf (webtiles) character file.

227 Gargoyl the Skirmisher (level 5, -1/42 HPs)
             Began as a Demonspawn Abyssal Knight on June 30, 2016.
             Was a Believer of Lugonu.
             Slain by Purgy (6 damage)
             ... on level 4 of the Dungeon.
             The game lasted 00:07:01 (3950 turns).

Gargoyl the Skirmisher (Demonspawn Abyssal Knight)  Turns: 3950, Time: 00:07:01

Health: -1/42      AC:  8    Str: 13    XL:     5   Next: 70%
Magic:  6/6        EV: 21    Int: 14    God:    Lugonu [**....]
Gold:   227        SH:  0    Dex: 17    Spells: 0 memorised, 4 levels left

rFire  . . .     SeeInvis .     a - +1 hand axe
rCold  + . .     Gourm    .     d - +0 scale mail
rNeg   . . .     Faith    .     (no shield)
rPois  .         Spirit   .     h - +0 helmet
rElec  .         Dismiss  .     (no cloak)
rCorr  .         Reflect  .     (no gloves)
SustAt .         Harm     .     (no boots)
MR     .....                    (no amulet)
Stlth  +.........               (no ring)
                                r - +3 ring of evasion

@: agile, not resistant to hostile enchantments, very unstealthy
A: claws 1, repulsion field 2, cold resistance 1
a: Depart the Abyss, Bend Space, Renounce Religion


You were on level 4 of the Dungeon.
You worshipped Lugonu.
Lugonu was pleased with you.
You were hungry.

You visited 1 branch of the dungeon, and saw 4 of its levels.
You visited the Abyss 1 time.

You collected 227 gold pieces.

Inventory:

Hand Weapons
 a - a +1 hand axe (weapon)
Missiles
 g - 4 tomahawks (quivered)
Armour
 d - a +0 scale mail (worn)
 h - a +0 helmet (worn)
Jewellery
 r - a +3 ring of evasion (left claw)
Wands
 m - a wand of acid (9/15)
Scrolls
 e - a scroll of random uselessness
 j - a scroll of enchant weapon {unknown}
 k - a scroll of blinking {unknown}
 l - 2 scrolls of fog {unknown}
 n - a scroll of recharging {unknown}
 o - a scroll of identify {unknown}
Comestibles
 c - 3 bread rations
 f - 2 meat rations


   Skills:
 + Level 3.9 Fighting
 + Level 2.4 Axes
 + Level 0.1 Throwing
 * Level 3.6 Armour
 + Level 2.5 Dodging
 + Level 0.6 Stealth
 + Level 2.6 Invocations


You had 4 spell levels left.
You didn't know any spells.

Dungeon Overview and Level Annotations

Branches:
Dungeon (4/15)
 Temple: D:4-7

Altars:
Cheibriados
Dithmenos
Fedhas

Annotations:
D:4 Purgy


Innate Abilities, Weirdness & Mutations

You have sharp fingernails.
You are surrounded by a moderate repulsion field (EV +3).
Your flesh is cold resistant.


Message History

Purgy snarls, "My home!
Leave!"
Purgy bites you but does no damage. Purgy completely misses you.
Purgy claws you.
* * * LOW HITPOINT WARNING * * *
Purgy closely misses you. Purgy claws you but does no damage. Purgy misses you.
Eat which item? (? for menu, Esc to quit)
You are feeling hungry.
Purgy closely misses you. x2; Purgy misses you.
Yeuchh!
Anchovies.
Unknown command.
Read which item? (? for menu, Esc to quit)
As you read the scroll labeled XAIXZE ROUPT, it crumbles to dust.
You hear a loud clanging noise!
It was a scroll of noise.
Purgy closely misses you. Purgy misses you. Purgy barely misses you.
Read which item? (? for menu, Esc to quit)
As you read the scroll labeled DOBINN JAIRHE, it crumbles to dust.
The dust glows mottled purple!
It was a scroll of random uselessness.
Purgy bites you.
You die...

#.# #..##
###...# #.#
..# ######.#
#.# ##...##.#
#.# ##.....#.#
#.# #........#
#.# #........#
#.# #.......##
#T# ##.^.....#
#@# #........#
#.# #........#
#.#
#........####
#.#######
##.....#....#
#........
##...#####.#
#........
##### #.#
#........ #.#
#†#......
#.####.#...###


You could see Purgy.

Vanquished Creatures
  An ogre (D:4)
  A hound (D:4)
  3 adders (D:3)
  An ooze (D:2)
  4 worms
  A dart slug (D:1)
  3 giant geckos
  3 orcs (D:3)
  4 giant cockroaches
  7 hobgoblins
  10 jackals
  4 kobolds (D:3)
  5 bats
  2 giant newts (D:1)
  9 goblins
  11 rats
69 creatures vanquished.

Vanquished Creatures (others)
  4 toadstools (D:1)
4 creatures vanquished.

Grand Total: 73 creatures vanquished

Notes
Turn   | Place    | Note
--------------------------------------------------------------
     0 | Abyss:1  | Gargoyl the Demonspawn Abyssal Knight began the quest for the Orb.
     0 | Abyss:1  | Reached XP level 1. HP: 18/18 MP: 2/2
    95 | Abyss:3  | Noticed a thrashing horror
   101 | D:1      | Escaped the Abyss
   390 | D:1      | Gained mutation: You are surrounded by a mild repulsion field (EV +2). [demonic ancestry]
   390 | D:1      | Reached XP level 2. HP: 20/24 MP: 3/3
   558 | D:1      | Reached * piety under Lugonu
  1081 | D:1      | Reached skill level 1 in Dodging
  1256 | D:2      | Gained mutation: Your flesh is cold resistant. [demonic ancestry]
  1256 | D:2      | Reached XP level 3. HP: 29/29 MP: 4/4
  2293 | D:2      | Found a snail-covered altar of Cheibriados.
  2501 | D:3      | Found a blossoming altar of Fedhas.
  2533 | D:3      | Reached ** piety under Lugonu
  2576 | D:3      | Gained mutation: You are surrounded by a moderate repulsion field (EV +3). [demonic ancestry]
  2576 | D:3      | Reached XP level 4. HP: 35/37 MP: 5/5
  2985 | D:3      | Found a shadowy altar of Dithmenos.
  3586 | D:4      | Noticed an ogre
  3611 | D:4      | Killed an ogre
  3611 | D:4      | Gained mutation: You have sharp fingernails. [demonic ancestry]
  3611 | D:4      | Reached XP level 5. HP: 21/42 MP: 6/6
  3890 | D:4      | Noticed Purgy
  3950 | D:4      | Slain by Purgy

Skill      XL: |  1  2  3  4 |
---------------+-------------+-----
Armour         | 2 3 |  3.6
Dodging        | 1 2 |  2.5
Axes           | 2 |  2.4
Fighting       | |  3.9
Throwing       | |  0.1
Stealth        | |  0.6
Invocations    | |  2.6

Action                   |  1- 3 |  4- 6 || total
-------------------------+-------+-------++-------
Melee: Hand axe          |   175 |   156 ||   331
Throw: Tomahawk          |       |     3 ||     3
Invok: Depart the Abyss  |     1 |       ||     1
  Use: Potion            |       |     3 ||     3
       Scroll            |       |     2 ||     2
  Eat: Chunk             |     3 |     1 ||     4
       Fruit             |     5 |       ||     5
       Pizza             |       |     1 ||     1
Armor: Scale mail        |    88 |    78 ||   166
       Skin              |       |     9 ||     9
Dodge: Dodged            |   126 |   197 ||   323
